[Event "*** Titled Tuesday Blitz"]
[Site "Chess.com"]
[Date "2018.10.02"]
[Round "10"]
[White "TrimitziosP7"]
[Black "Alopekos"]
[Result "0-1"]
[WhiteElo "2569"]
[BlackElo "2463"]
[TimeControl "180+2"]
[EndTime "15:14:27 PDT"]
[Termination "Alopekos won by resignation"]

1. d4 Nf6 2. Nc3 d5 3. Bf4 c5 4. e3 a6 5. Nf3 Nc6 6. Be2 Bf5 7. O-O e6 8. Ne5 Nxe5 9. Bxe5 Bd6 10. f4 Bxe5 11. dxe5 Ne4 12. Nxe4 Bxe4 13. Bd3 Bxd3 14. cxd3 O-O 15. b3 b5 16. Rc1 Qb6 17. Qe2 a5 18.
g4 Rfe8 19. e4 c4+ 20. Kg2 cxd3 21. Qxd3 dxe4 22. Qxe4 a4 23. b4 Rad8 24. Rc5 Rd2+ 25. Rf2 Red8 26. Qe3 Qb7+ 27. Qf3 Rxf2+ 28. Kxf2 Rd2+ 29.
Kg3 Qxf3+ 30. Kxf3 h5 31. h3 Rxa2 32. Rxb5 Rb2 33.
f5 a3 34. Kg3 a2 35. Ra5 hxg4 36. hxg4 Rb3+ 37. Kf2 Rxb4 38. Rxa2 Rxg4 39. fxe6 fxe6 40. Kf3 Rb4 41. Ra7 Kh7 42. Re7 Rb6 43. Rd7 Kg6 44.
Ke4 Rb4+ 45. Ke3 Rg4 46. Kf3 Ra4 47. Ke3 Kf5 48. Rxg7 Kxe5 49. Rg5+ Kd6 50. Rb5 Rc4 51.
Kd3 Rc5 52. Rb6+ Kd5 53. Rb1 Ra5 54. Rb8 Ra3+ 55. Kc2 Ke4 56. Rb4+ Kf5 57. Kd2 Ra5 58. Ke2 Re5+ 59. Kf3 Rd5 60. Rb8 Rd3+ 61. Ke2 Ke4 62.
Re8 Rd6 63. Ra8 e5 64. Ra4+ Rd4 65. Ra6 Rb4 66. Ra2 Kf4 67. Kd3 Rb3+ 68. Kc4 Rb1 69. Kd3 Rd1+ 70. Ke2 Rd4 71. Ra8 Re4+ 72. Kf2 Rb4 73.
Rf8+ Ke4 74. Ra8 Rb2+ 75. Ke1 Kf4 76. Ra3 e4 77. Ra8 Kf3 78. Ra7 Rb1+ 79. Kd2 Rb2+ 80. Ke1 Re2+ 81. Kf1 Rh2 82. Ke1 Rh1+ 83. Kd2 e3+ 84.
Kd3 Rd1+ 85. Kc2 Rd8 86. Rf7+ Kg2 87. Re7 Kf2 88. Rf7+ Ke1 89. Re7 e2 90. Kc1 Rc8+ 91. Kb2 Rc5 92. Kb1 Rc4 93. Kb2 Kd2 94. Rd7+ Ke3 0-1

[Event "*** Titled Tuesday Blitz"]
[Site "Chess.com"]
[Date "2018.10.02"]
[Round "10"]
[White "Gubajdullin"]
[Black "Bryakin_Mikhail"]
[Result "1-0"]
[WhiteElo "2411"]
[BlackElo "2663"]
[TimeControl "180+2"]
[EndTime "15:14:40 PDT"]
[Termination "Gubajdullin won by resignation"]

1. d4 d5 2. Bf4 Nf6 3. e3 c5 4. c3 Nc6 5. Nd2 Bf5 6. Qb3 Qd7 7. Ngf3 c4 8. Qa4 a6 9. Qd1 e6 10. Ne5 Nxe5 11. Bxe5 Ne4 12. Nxe4 Bxe4 13. b3 f6 14. Bg3 Rc8 15. f3 Bg6 16. bxc4 dxc4 17. a4 Bd6 18. a5 O-O 19. Be2 Qc7 20. Bxd6 Qxd6 21. e4 Be8 22. Qc1 Bb5 23. Qa3 Qf4 24. Qc1 Qc7 25. O-O f5 26. e5 f4 27. Qa3 Rcd8 28. Bd1 Bc6 29. Qc5 Qd7 30. Bc2 Bd5 31. Rab1 Rc8 32.
Qa3 Rf7 33. Rb6 g5 34. Qd6 Qe8 35. Be4 Rd8 36. Qb4 Bxe4 37. fxe4 Rdd7 38. Qxc4 Rde7 39.
Qe2 Kg7 40. Qg4 h6 41. h4 Kh7 42. hxg5 Rg7 43. Rxf4 Rxg5 44. Qh3 Reg7 45. Rf2 Qa4 46.
Rb1 Qxa5 47. Qxe6 R5g6 48. Qf5 Qxc3 49. d5 Qd3 50. Rbf1 a5 51. e6 a4 52. Qe5 Qa3 53.
d6 Qb3 54. e7 Re6 55. Qf5+ Kh8 56. d7 Rgxe7 57. d8=Q+ Re8 58. Qd7 R6e7 59. Qd4+ Kg8 60. Qg6+ 1-0

[Event "*** Titled Tuesday Blitz"]
[Site "Chess.com"]
[Date "2018.10.02"]
[Round "10"]
[White "Zq1"]
[Black "woodhy"]
[Result "1-0"]
[WhiteElo "2589"]
[BlackElo "2418"]
[TimeControl "180+2"]
[EndTime "15:14:53 PDT"]
[Termination "Zq1 won by resignation"]

1. d4 Nf6 2. c4 c6 3. Bf4 d5 4. e3 g6 5. Nc3 Bg7 6. Nf3 O-O 7.
h3 Bf5 8. Be2 Ne4 9. O-O Nxc3 10. bxc3 dxc4 11. Bxc4 Nd7 12. a4 e5 13. Nxe5 Nxe5 14.
Bxe5 Bxe5 15. dxe5 Qa5 16. Qb3 Qxe5 17. Qxb7 Qxc3 18. Rfc1 Qf6 19. Ba6 Rfc8 20. Qb3 Rc7 21. Qc3 Qg5 22. Kh2 Be4 23. f3 Bd5 24. e4 Be6 25. Ra3 h5 26. Qe3 Qa5 27. Bc4 Rac8 28. Bxe6 Qe5+ 29. f4 Qxe6 30. Rc5 Re8 31. Re5 Qd7 32.
Rd3 Qc8 33. Rxe8+ Qxe8 34. Rc3 h4 35. Rc5 Qe7 36. f5 g5 37. f6 Qxf6 38. Rxg5+ Kf8 39.
Rf5 Qg6 40. Qf4 Rb7 41. Rg5 Qe6 42. Qxh4 Qd6+ 43. e5 Qe6 44. Qh8+ Ke7 45. Rg8 Kd7 46. Rd8+ Kc7 47. Re8 Qd7 48. Qf8 Kb6 49. Qb4+ Ka6 50.
Qc4+ Ka5 51. Rg8 Rb4 52. Qc5+ Kxa4 53. Rg3 a5 54. Qc2+ Kb5 55. Rd3 Qe6 56. Qe2 Kb6 57.
Rd6 Qf5 58. Rf6 Qe4 59. Qf2+ Qd4 60. Qxd4+ Rxd4 61. Rxf7 Re4 62. g4 a4 63. Rf3 Rxe5 64.
Kg3 Kb5 65. h4 Kb4 66. h5 a3 67. h6 a2 68. Rf1 c5 69. h7 Re8 70. g5 c4 71. g6 c3 72. g7 c2 73. g8=Q Re3+ 74. Kf4 Rf3+ 75. Kxf3 1-0

[Event "*** Titled Tuesday Blitz"]
[Site "Chess.com"]
[Date "2018.10.02"]
[Round "10"]
[White "xamax2000"]
[Black "severomorskij"]
[Result "1/2-1/2"]
[WhiteElo "2473"]
[BlackElo "2691"]
[TimeControl "180+2"]
[EndTime "15:15:02 PDT"]
[Termination "Game drawn by repetition"]

1. e4 c5 2. Nf3 Nc6 3. d4 cxd4 4. Nxd4 Nf6 5. Nc3 e5 6. Ndb5 d6 7. Bg5 a6 8. Na3 b5 9. Nd5 Be7 10. Bxf6 Bxf6 11. c3 O-O 12. Nc2 Bg5 13. a4 bxa4 14. Rxa4 a5 15. Bc4 Rb8 16. b3 Kh8 17. Nce3 g6 18.
h4 Bxh4 19. g3 Bg5 20. f4 exf4 21. gxf4 Bh4+ 22. Kf1 f5 23. Ra2 fxe4 24. Rah2 g5 25. Qh5 Ne5 26. Ke2 Nxc4 27. fxg5 Rxb3 28. Nxc4 Ba6 29.
Rxh4 Bxc4+ 30. Kd2 e3+ 31. Kc2 Rf2+ 32. Kc1 Bd3 33. Qxh7+ Bxh7 34. Rxh7+ Kg8 35. Rh8+ Kf7 36. Rxd8 e2 37. Re1 Rf1 38. Rd7+ Ke6 39. Re7+ Kxd5 40.
Rxe2 Rxe1+ 41. Rxe1 Rxc3+ 42. Kb2 Rg3 43. Ra1 Kc4 44. Rxa5 Rg2+ 45. Kc1 d5 46. Kd1 Rxg5 47.
Ra4+ Kd3 48. Ra3+ Ke4 49. Ra4+ d4 50. Ra3 Rg1+ 51. Ke2 Rg2+ 52. Kd1 Rh2 53. Rb3 Kd5 54. Rb8 Kc4 55. Ra8 Kb4 56. Rc8 Kb3 57. Rc7 Kb4 58. Rc8 Rf2 59. Rc7 Ra2 60. Rc8 Rh2 61. Rc7 Rh5 62. Kd2 Rc5 63. Rxc5 Kxc5 64. Kd3 Kd5 65. Kd2 Ke4 66. Ke2 d3+ 67. Kd2 Kd4 68. Kd1 Kc4 69.
Kd2 Kd4 70. Kd1 Ke3 71. Ke1 Ke4 72. Kd2 Kd4 73. Kd1 Kc3 74. Kc1 Kc4 75. Kd2 Kd4 76. Kd1 Ke3 77. Ke1 Ke4 78. Kd2 Kd4 1/2-1/2

[Event "*** Titled Tuesday Blitz"]
[Site "Chess.com"]
[Date "2018.10.02"]
[Round "10"]
[White "Synctel"]
[Black "FearlessKing64"]
[Result "0-1"]
[WhiteElo "1999"]
[BlackElo "2202"]
[TimeControl "180+2"]
[EndTime "15:15:43 PDT"]
[Termination "FearlessKing64 won on time"]

1. d4 Nf6 2. Nf3 g6 3. c3 Bg7 4. Bf4 O-O 5. e3 d6 6. h3 b6 7.
Nbd2 Bb7 8. Bd3 c5 9. O-O cxd4 10. exd4 Nbd7 11. Bh2 a6 12. Re1 b5 13. Qe2 Re8 14.
Ng5 Qb6 15. Ndf3 e6 16. Rad1 h6 17. Ne4 Nxe4 18. Bxe4 Bxe4 19. Qxe4 b4 20. h4 bxc3 21.
bxc3 Rac8 22. Rd3 Nf6 23. Qf4 Nd5 24. Qxd6 Qxd6 25. Bxd6 Rxc3 26. Rxc3 Nxc3 27. Re3 Rc8 28. Bc5 Nd5 29. Rb3 e5 30. g3 exd4 31. Bxd4 Rc1+ 32.
Kg2 Rc2 33. Ra3 Nc7 34. Bxg7 Kxg7 35. Nd4 Rc4 36. Ne2 Rc6 37. Nf4 Ne6 38. Nd5 Rc5 39. Nb4 a5 40. Nd3 Rb5 41. Ra4 Nc5 42. Nxc5 Rxc5 43. Kf3 Kf6 44. Rf4+ Ke6 45. Re4+ Kd6 46. a4 f5 47. Rd4+ Ke5 48. Ke3 Rc3+ 49. Rd3 Rc4 50. f4+ Ke6 51. Ra3 Rb4 52. Kf3 Kf6 53. Ke3 g5 54.
hxg5+ hxg5 55. fxg5+ Kxg5 56. Kf3 Kh5 57. Ra1 Rb3+ 58.
Kf4 Kg6 59. Ra2 Rb4+ 60. Kf3 Kg5 61. Ra3 Rc4 62. Ra2 Rc3+ 63. Kf2 Kg4 64. Rd2 Rxg3 65. Rd5 Ra3 66. Rxa5 Ra2+ 67. Ke3 f4+ 68. Ke4 f3 69.
Ra8 Re2+ 70. Kd3 Ra2 71. Rg8+ Kf4 72. Rf8+ Kg3 73. Rg8+ Kf2 74. Rf8 Rxa4 75. Rf7 Ra3+ 76. Kd2 Ra2+ 77. Kd3 Ra1 78. Kd2 Ra3 79. Rg7 Kf1 0-1

[Event "*** Titled Tuesday Blitz"]
[Site "Chess.com"]
[Date "2018.10.02"]
[Round "10"]
[White "nochewycandy"]
[Black "DishonorOnYourCow"]
[Result "1/2-1/2"]
[WhiteElo "2208"]
[BlackElo "2266"]
[TimeControl "180+2"]
[EndTime "15:15:53 PDT"]
[Termination "Game drawn - insufficient material"]

1. e4 c6 2. Nc3 d5 3. Nf3 dxe4 4.
Nxe4 Nd7 5. Bc4 e6 6. O-O Ngf6 7. Nxf6+ Nxf6 8. d4 Bd6 9. Bg5 h6 10. Bh4 O-O 11.
Qe2 Be7 12. Rad1 Nd5 13. Bg3 b5 14. Bb3 a5 15. c4 a4 16. Bc2 bxc4 17. Ne5 Bb7 18.
Nxc4 Ba6 19. a3 c5 20. dxc5 Bxc5 21. Qe4 g6 22. Ne5 Qe7 23. Rfe1 Bb7 24. Qe2 Qg5 25. Nd3 h5 26. Nxc5 Nf4 27. Qe3 Bxg2 28. Qxf4 Qxc5 29. Kxg2 Qxc2 30. Qf6 Qc6+ 31. f3 Qc2+ 32.
Kg1 Qf5 33. Qxf5 gxf5 34. Rd4 Rfc8 35. Re2 Kh7 36. Be5 Rg8+ 37. Rg2 Rxg2+ 38. Kxg2 Ra5 39. f4 Rb5 40. Rd7 Kg6 41. Rd8 Ra5 42. Rg8+ Kh6 43. Kh3 Ra7 44. Kh4 Rb7 45. Rh8+ Kg6 46. Rxh5 f6 47.
Bc3 Rb8 48. Bxf6 Kxf6 49. Rh6+ Ke7 50. Rh7+ Kd6 51. Ra7 Rxb2 52. Rxa4 Rxh2+ 53. Kg3 Ra2 54. Ra6+ Ke7 55. Kf3 Kf6 56. Ke3 Ke7 57. a4 Ra3+ 58.
Kd4 Rf3 59. Ra7+ Kf6 60. a5 Rxf4+ 61. Ke3 Ra4 62. a6 e5 63. Ra8 f4+ 64. Kf3 Kg7 65. Kg4 f3+ 66. Kxf3 Kh7 67. Ke3 Kg7 68. Kd3 Kh7 69.
Kc3 Ra1 70. Kb2 Ra4 71. Kb3 Ra1 72. Kb4 Kg7 73. Kb5 e4 74. Re8 Rb1+ 75. Kc6 Rc1+ 76.
Kb7 Rb1+ 77. Ka7 Rb4 78. Re7+ Kf6 79. Rb7 Ra4 80. Rb6+ Ke5 81. Kb7 e3 82. a7 Rxa7+ 83. Kxa7 e2 84. Rb8 Kd4 85. Re8 Kd3 86. Kb6 Kd2 87. Kc5 e1=Q 88. Rxe1 Kxe1 1/2-1/2

[Event "*** Titled Tuesday Blitz"]
[Site "Chess.com"]
[Date "2018.10.02"]
[Round "10"]
[White "akretchetov"]
[Black "Ramosha"]
[Result "1-0"]
[WhiteElo "2293"]
[BlackElo "2459"]
[TimeControl "180+2"]
[EndTime "15:16:17 PDT"]
[Termination "akretchetov won by resignation"]

1. d4 e6 2. Nf3 Nf6 3. Bf4 c5 4. e3 b6 5. c3 Be7 6. Bd3 O-O 7. O-O cxd4 8. exd4 Ba6 9. h3 Bxd3 10. Qxd3 d6 11. Nbd2 Nbd7 12. Rfe1 Nd5 13. Bh2 N7f6 14. a4 Qd7 15. a5 b5 16. a6 Rfc8 17. Ra5 Rab8 18.
Rea1 Rb6 19. Ng5 h6 20. Nge4 Nxe4 21. Nxe4 Nf6 22. Nd2 Nd5 23. Bg3 Qc6 24. Kh2 Nc7 25. f4 Rxa6 26. Rxa6 Nxa6 27. f5 exf5 28. Qxf5 Ra8 29.
d5 Qb6 30. Bf2 Qb7 31. Ne4 Nc7 32. Rd1 Ne8 33. Bd4 Qc8 34. Qf3 Qd7 35. Rf1 Bf8 36.
Ng3 g6 37. h4 Bg7 38. h5 Bxd4 39. hxg6 Bf6 40. Nf5 fxg6 41. Nxh6+ Kg7 42. Ng4 Qf5 43. Qe2 Qh5+ 44. Kg1 Rd8 45. Qe6 Qg5 46. Nxf6 Nxf6 47. Qe7+ Kh6 48. Qxd8 Qe3+ 49. Kh1 Nxd5 50. Qh4+ Kg7 51.
Qd4+ Qxd4 52. cxd4 a5 53. Rc1 Kf6 54. Rc6 Ke6 55.
Kh2 a4 56. Ra6 Ne3 57. Rb6 Kd5 58. Rxb5+ Kc4 59. Rb6 d5 60. Rxg6 Nd1 61. Rc6+ Kxd4 62. Rb6 Kc5 63. Rb8 d4 64. Kg3 Ne3 65. Kf3 Nc4 66. g4 d3 67. g5 Kd5 68. g6 Ne5+ 69. Ke3 Nxg6 70. Kxd3 Ne5+ 71. Kc3 Kc5 72. Rh8 Nc6 73.
Rh5+ Kb6 74. Rf5 Ka6 75. Kc4 Kb6 76. Rf6 Kb7 77. Kb5 Ne5 78. Kxa4 Nc4 79. b4 Ne3 80. b5 Nc4 81. Kb4 Ne5 82. Rh6 Kc7 83. Ka5 Nd3 84.
Rh7+ Kd6 85. Ka6 Nc5+ 86. Ka7 Ne6 87. Rh6 Kd7 88. Rxe6 1-0

[Event "*** Titled Tuesday Blitz"]
[Site "Chess.com"]
[Date "2018.10.02"]
[Round "10"]
[White "ddtru"]
[Black "Phelathegreat"]
[Result "1-0"]
[WhiteElo "2236"]
[BlackElo "2291"]
[TimeControl "180+2"]
[EndTime "15:17:42 PDT"]
[Termination "ddtru won by resignation"]

1. d4 Nf6 2. Nf3 c5 3. d5 d6 4. c4 g6 5. Nc3 Bg7 6. e4 O-O 7. h3 Na6 8. Bd3 Nc7 9. O-O Rb8 10. a4 b6 11. Re1 e5 12. dxe6 fxe6 13. e5 Nh5 14.
Bg5 Qd7 15. Bc2 dxe5 16. Nxe5 Qe8 17. Nb5 Nxb5 18. axb5 Bxe5 19. Rxe5 Qf7 20. Qe2 Rb7 21. Be4 Rc7 22. Bf3 Nf4 23. Bxf4 Qxf4 24. Rd1 Rcf7 25. Rd2 a6 26. bxa6 Bxa6 27. b3 Bc8 28. Bg4 Qh6 29. Bxe6 Bxe6 30. Rxe6 Rxf2 31. Qxf2 Rxf2 32. Rxf2 Qc1+ 33.
Kh2 Qd1 34. Rxb6 Qd8 35. Rb7 Qd6+ 36. g3 Qd3 37. b4 Qxc4 38. b5 Qd4 39. Rbf7 c4 40. R7f4 Qc5 41. Rc2 c3 42. Rf3 Qxb5 43.
Rfxc3 Qe5 44. h4 Qe6 45. Rc8+ Kg7 46. Kg2 Qe4+ 47. Kh2 Qe6 48. R8c7+ Kg8 49. Rb2 Qe8 50. Rcb7 Qe3 51. Rd7 Qe8 52. Rbd2 Qe5 53. Ra7 Qf6 54.
Rda2 Qc3 55. R7a3 Qe1 56. Ra8+ Kg7 57. R8a7+ Kh6 58. R7a5 Qc3 59. R5a4 Kg7 60. Ra5 Kf6 61. Ra6+ Ke5 62. R6a5+ Kd6 63. Ra6+ Kc5 64. R6a5+ Kb6 65. Ra6+ Kb5 66. R6a5+ Kb6 67. Ra6+ Kc5 68. R6a5+ Kd6 69.
Ra6+ Ke7 70. Ra7+ Kf6 71. Rxh7 Qc4 72. Rf2+ Ke6 73. Rhf7 Qd3 74. R7f6+ Ke7 75. Rf7+ Ke6 76. R7f6+ Ke7 77. Kg2 Qe4+ 78. R6f3 Ke6 79. Rf1 Ke7 80.
Kf2 Qc2+ 81. Kg1 Qe4 82. R3f2 Qd3 83. Kh2 Qe4 84. Rf6 Qc2+ 85. R1f2 Qe4 86. R6f4 Qd3 87. g4 Qb1 88. h5 gxh5 89. gxh5 Qh7 90. Re2+ Kd6 91.
Rh4 Qd3 92. Rg2 Qh7 93. h6 Ke6 94. Rg7 Qc2+ 95. Kh3 Qd3+ 96. Rg3 Qf5+ 97. Kg2 Qc2+ 98. Kh1 Qb1+ 99. Rg1 Qb7+ 100. Kh2 Qb2+ 101. Rg2 Qe5+ 102. Rg3 Qe2+ 103. Kh3 Qf1+ 104. Kh2 Qe2+ 105. Rg2 Qe5+ 106. Kh3 Qe3+ 107. Rg3 Qe2 108. h7 Qf1+ 109. Kh2 Qf2+ 110. Kh1 Qf1+ 111. Rg1 Qf3+ 112. Rg2 Qf1+ 113. Kh2 Qc4 114. Rxc4 1-0